[Event "Early-Titled-Tuesday-Blitz-October-03-2023"]
[Site "Chess.com"]
[Date "2023.10.03"]
[Round "3"]
[White "SRob2003"]
[Black "Witik"]
[Result "0-1"]
[WhiteElo "2613"]
[BlackElo "2844"]
[TimeControl "180+1"]
[EndTime "8:29:01 PDT"]
[Termination "Witik won by resignation"]

1. c4 e5 2. g3 Nf6 3. Bg2 d5 4. cxd5 Nxd5 5. Nf3 Nc6 6. O-O Nb6 7. d3 Be7 8. a3 O-O 9. Nc3 Be6 10. b4 a5 11. b5 Nd4 12. Bb2 Nxf3+ 13. Bxf3 Rb8 14. Qc2 Qd7 15. Rfc1 Rfc8 16. Rab1 Bg4 17. Bxg4 Qxg4 18. Ne4 Qe6 19. Nc5 Qd5 20. Qb3 Qxb3 21. Nxb3 a4 22.
Na5 f6 23. Nc4 Kf7 24. Rc2 Ke6 25. Rbc1 Kd7 26. f4 exf4 27. gxf4 Nd5 28. f5 b6 29. e4 Nf4 30. Rf1 Nh5 31. e5 c6 32. e6+ Ke8 33.
bxc6 Rxc6 34. Rfc1 b5 35. Na5 Rxc2 36. Rxc2 Nf4 37.
d4 g6 38. fxg6 hxg6 39. Bc1 Nxe6 40. d5 Nd4 41. Rb2 Bxa3 42. Rb1 Bxc1 43. Rxc1 Ne2+ 0-1

[Event "Early-Titled-Tuesday-Blitz-October-03-2023"]
[Site "Chess.com"]
[Date "2023.10.03"]
[Round "3"]
[White "Sethu0025"]
[Black "juancruzarias"]
[Result "1-0"]
[WhiteElo "2862"]
[BlackElo "2640"]
[TimeControl "180+1"]
[EndTime "8:29:02 PDT"]
[Termination "Sethu0025 won on time"]

1. d4 d5 2. c4 e6 3. Nf3 Nf6 4. Nc3 a6 5. cxd5 exd5 6. Bg5 Be6 7. e3 Nbd7 8. Bd3 Bd6 9. h3 c6 10. O-O O-O 11. Bf4 Qc7 12. Bxd6 Qxd6 13. Qc2 Rfe8 14.
b4 g6 15. Rfb1 b5 16. a4 Nb6 17. Nd2 Nc4 18. Nb3 Nd7 19. Nc5 Nxc5 20. bxc5 Qe7 21. axb5 axb5 22. Qc1 Qg5 23. Kh2 Bf5 24. Bxf5 Qxf5 25.
Kg1 Qd3 26. Na2 Nd2 27. Nb4 Qe2 28. Rxa8 Rxa8 29. Rb2 Qc4 30. Qxd2 Ra1+ 31. Kh2 Qf1 32. Nxc6 h5 33. Kg3 h4+ 34. Kf3 Qg1 35. Ne7+ Kh7 36. Nxd5 Qh2 37. e4 Rg1 38. Qg5 1-0

[Event "Early-Titled-Tuesday-Blitz-October-03-2023"]
[Site "Chess.com"]
[Date "2023.10.03"]
[Round "3"]
[White "KatakuriDono"]
[Black "Lady_Nika"]
[Result "0-1"]
[WhiteElo "2330"]
[BlackElo "2538"]
[TimeControl "180+1"]
[EndTime "8:29:02 PDT"]
[Termination "Lady_Nika won on time"]

1. d4 d5 2. c4 e6 3. Nc3 f5 4.
Nf3 Nf6 5. g3 c6 6. Bg2 Bd6 7.
O-O O-O 8. Nd2 Nbd7 9. f3 f4 10. gxf4 Bxf4 11. e4 Be3+ 12. Kh1 Bxd4 13. cxd5 exd5 14.
exd5 Bxc3 15. bxc3 Nxd5 16. Ne4 N7f6 17. c4 Nb6 18.
Qc2 Bf5 19. Bb2 Nxe4 20. fxe4 Bg6 21. c5 Nd7 22. Rxf8+ Nxf8 23. Rf1 Qe7 24. Qc4+ Kh8 25. Qc3 Ne6 26. a4 Nxc5 27. Ba3 b6 28. a5 Rf8 29.
Rxf8+ Qxf8 30. Bxc5 Qxc5 31. Qxc5 bxc5 32. e5 Be8 33. Kg1 Kg8 34. Kf2 Kf7 35. Bh3 Ke7 36. Ke3 Bd7 37. Bg2 Ke6 38. Ke4 Ke7 39. Bf3 Be6 40.
Kd3 Bd5 41. Bg4 Be6 42. Bf3 Bd5 43. Bg4 h5 44. Bc8 g5 45. Bf5 Be6 46. Be4 Bd7 47.
Kc4 Ke6 48. Kxc5 Kxe5 49. Bxc6 Bc8 50. Bg2 g4 51. Kc6 a6 52. Kc7 Be6 53. Bf1 h4 54. Bxa6 h3 55. Bf1 Bd5 56. a6 g3 0-1

[Event "Early-Titled-Tuesday-Blitz-October-03-2023"]
[Site "Chess.com"]
[Date "2023.10.03"]
[Round "3"]
[White "Better_Chess_Faster"]
[Black "agustinv04"]
[Result "1/2-1/2"]
[WhiteElo "2022"]
[BlackElo "2295"]
[TimeControl "180+1"]
[EndTime "8:29:02 PDT"]
[Termination "Game drawn by repetition"]

1. e4 e5 2. Nf3 Nc6 3. Bb5 a6 4. Ba4 Nf6 5. O-O Be7 6. Re1 b5 7. Bb3 O-O 8. h3 Bb7 9. d3 d5 10. exd5 Nxd5 11. Nxe5 Nd4 12. Nc3 Nb4 13. Ne4 Nxb3 14.
axb3 c5 15. Bd2 Nd5 16. Nc3 Nb4 17. Ne4 Nc6 18. Nxc6 Bxc6 19. Bc3 Qd5 20. Qg4 f6 21. f3 Kh8 22. Ng3 Bd6 23. Nf5 Ra7 24. Rxa6 Rc7 25.
Rb6 b4 26. Bd2 Be5 27. Bf4 Bxf4 28. Qxf4 Ra7 29. Ne7 Qd8 30. Nxc6 Qxb6 31. Nxa7 Qxa7 32. Qd6 Rc8 33. Qe7 Qb8 34. Re6 h6 35. Qf7 Qg3 36. Re7 Rg8 37. Re8 Rxe8 38. Qxe8+ Kh7 39. Qe4+ Kg8 40. Qe6+ Kf8 41. Qc8+ Kf7 42. Qxc5 Qe1+ 43. Kh2 Qd2 44. Qc4+ Kg6 45. Qe4+ Kf7 46. Qd5+ Kg6 47.
Qe4+ Kf7 48. Qb7+ Kg6 49. Qe4+ 1/2-1/2

[Event "Early-Titled-Tuesday-Blitz-October-03-2023"]
[Site "Chess.com"]
[Date "2023.10.03"]
[Round "3"]
[White "MathiasWomacka"]
[Black "kleinebeer98"]
[Result "0-1"]
[WhiteElo "2576"]
[BlackElo "2814"]
[TimeControl "180+1"]
[EndTime "8:29:03 PDT"]
[Termination "kleinebeer98 won on time"]

1. e4 e5 2. Nf3 Nc6 3. Bb5 f5 4. d3 fxe4 5. dxe4 Nf6 6. O-O d6 7. Nc3 Be7 8. Qd3 O-O 9. Bc4+ Kh8 10. Ng5 Qe8 11. Ne6 Bxe6 12. Bxe6 Nh5 13. g3 Nd4 14.
Bh3 Rf3 15. Qd1 Qg6 16. Nd5 Qxe4 17. Bg2 Qxd5 18. c3 e4 19. Qxd4 Qxd4 20. cxd4 Rd3 21. Bxe4 Rxd4 22. Bxb7 Rb8 23. Bf3 Nf6 24. Be3 Rd3 25.
b3 c5 26. Rac1 h6 27. Rc4 d5 28. Ra4 d4 29. Be2 Rc3 30. Bf4 Rd8 31. Rxa7 Bd6 32.
Bxd6 Rxd6 33. Rd1 d3 34. Bf3 d2 35. Kg2 g5 36. h3 Nd7 37. Ra8+ Kg7 38. Re8 Kf6 39.
Re2 Rc2 40. a4 Rb2 41. a5 Ne5 42. Bh5 Nd3 43. Kf1 Nc1 44. Re3 Nxb3 45. a6 Rxa6 46. Rc3 Ra1 47. Rxa1 Nxa1 48. Rd3 c4 49. Rd6+ Ke5 50.
Rd8 c3 0-1

[Event "Early-Titled-Tuesday-Blitz-October-03-2023"]
[Site "Chess.com"]
[Date "2023.10.03"]
[Round "3"]
[White "attack2mateU"]
[Black "milovichalex"]
[Result "0-1"]
[WhiteElo "2709"]
[BlackElo "2303"]
[TimeControl "180+1"]
[EndTime "8:29:03 PDT"]
[Termination "milovichalex won by resignation"]

1. e4 e5 2. Nf3 Nc6 3. Bc4 Nf6 4. d3 Bc5 5. O-O Bb6 6. c3 d6 7. Re1 Ne7 8. d4 Ng6 9. h3 Qe7 10. Bd3 O-O 11. a4 c6 12. Nbd2 Nf4 13. Bc2 Bxh3 14.
gxh3 Nxh3+ 15. Kf1 Ng4 16. Nc4 Nhxf2 17. Qd2 f5 18.
exf5 e4 19. Qg5 Qf7 20. Nxd6 Qd5 21. f6 Rxf6 22. Nxe4 Rxf3 23. Qxd5+ cxd5 24. Ng5 Rf6 25. Bxh7+ Kh8 26. Kg2 Raf8 27. Rf1 Bc7 28. Bd2 Nh2 29. Rh1 Nxh1 30. Rxh1 Rf2+ 31. Kh3 Rxd2 32. Ne6 Rf3+ 33. Kh4 Bd6 34. Bg6 Rg2 35. Ng5 Rf4+ 36. Kh3 Rxg5 37. Rxh2 Rf3+ 38. Kh4 Rxg6 0-1

[Event "Early-Titled-Tuesday-Blitz-October-03-2023"]
[Site "Chess.com"]
[Date "2023.10.03"]
[Round "3"]
[White "LUISMIGUELOV"]
[Black "emeli_chess"]
[Result "1-0"]
[WhiteElo "2159"]
[BlackElo "2343"]
[TimeControl "180+1"]
[EndTime "8:29:03 PDT"]
[Termination "LUISMIGUELOV won by checkmate"]

1. e4 c5 2. d4 cxd4 3. c3 d3 4. Bxd3 Nc6 5. f4 d6 6. Nf3 e6 7.
Be3 Nf6 8. h3 Be7 9. Nbd2 O-O 10.
Qc2 h6 11. g4 Nd7 12. O-O-O a6 13. h4 b5 14. Kb1 b4 15. c4 Nc5 16. Be2 a5 17. g5 h5 18. Nb3 Qb6 19. Nxc5 dxc5 20. f5 exf5 21. exf5 a4 22. f6 b3 23. Qe4 bxa2+ 24. Ka1 a3 25. Bc1 Rb8 26. Rd2 Re8 27. fxe7 Rxe7 28. Qc2 g6 29. Bd3 Nb4 30. Qc3 Nxd3 31.
Rxd3 Bf5 32. Rd2 Bb1 33. Ne5 Rbe8 34. Nd7 Qb4 35. Nf6+ Kh8 36. Nxe8+ Qxc3 37. bxc3 Rxe8 38. Rhd1 Re4 39. Bxa3 Rxc4 40. Bb2 Rxh4 41. c4+ Kh7 42.
Rf2 Rg4 43. Rxf7+ Kg8 44. Rdd7 Rg1 45. Rg7+ Kf8 46. Rd8# 1-0

[Event "Early-Titled-Tuesday-Blitz-October-03-2023"]
[Site "Chess.com"]
[Date "2023.10.03"]
[Round "3"]
[White "UK_23"]
[Black "Witty_Alien"]
[Result "1-0"]
[WhiteElo "2444"]
[BlackElo "2225"]
[TimeControl "180+1"]
[EndTime "8:29:04 PDT"]
[Termination "UK_23 won by checkmate"]

1. e4 c5 2. Nf3 d6 3. Bb5+ Bd7 4.
Bxd7+ Nxd7 5. c4 Ne5 6. d3 Nf6 7. O-O g6 8. Nc3 Bg7 9. Nxe5 dxe5 10. Be3 b6 11. Nd5 O-O 12. b4 Nxd5 13. cxd5 cxb4 14. Qa4 Rc8 15. Qxa7 Rc2 16. Rfc1 Qc8 17. Qxb6 Qc3 18. Qc5 Rxc1+ 19. Rxc1 Qxd3 20. Qxb4 f5 21. Qc4 fxe4 22. h4 Rd8 23. a4 Rxd5 24. Qc8+ Rd8 25. Qe6+ Kh8 26.
a5 Bf6 27. a6 Rd6 28. Qc8+ Rd8 29. a7 Rxc8 30. Rxc8+ Kg7 31. a8=Q Qd1+ 32. Kh2 Bxh4 33. Rg8+ Kf6 34. Qc6+ e6 35. Rf8+ Kg7 36. Qe8 Bg5 37. Qf7+ Kh6 38. Bxg5+ Kxg5 39. Qf6+ Kh5 40. Qxe5+ g5 41.
Qg3 h6 42. Rf6 g4 43. Qe5+ Kh4 44. g3# 1-0

[Event "Early-Titled-Tuesday-Blitz-October-03-2023"]
[Site "Chess.com"]
[Date "2023.10.03"]
[Round "3"]
[White "campochess"]
[Black "BeautiFullMindChess"]
[Result "0-1"]
[WhiteElo "2163"]
[BlackElo "2368"]
[TimeControl "180+1"]
[EndTime "8:29:04 PDT"]
[Termination "BeautiFullMindChess won on time"]

1. d4 Nf6 2. Bg5 d5 3. Nd2 c5 4. c3 Nc6 5. e3 Bf5 6. Bb5 Qb6 7. a4 a6 8. Bxc6+ Qxc6 9. Ngf3 e6 10. O-O Nd7 11.
Bf4 Be7 12. Ne5 Nxe5 13. Bxe5 O-O 14. Rc1 b5 15. axb5 axb5 16. b4 cxb4 17. cxb4 Qb6 18. Qb3 Ra4 19. Rc7 Bxb4 20. Nf3 h6 21. Rfc1 Rfa8 22.
h3 Ra1 23. Kh2 Rxc1 24. Rxc1 Bd6 25. g3 b4 26. Bxd6 Qxd6 27. Ne5 f6 28. Rc6 Qf8 29.
Nd3 Ra3 30. Qxb4 Bxd3 31. Qb7 Ra8 32. Rc7 Be4 33. h4 h5 34. Re7 Ra1 35. f3 Ra2+ 36. Kh3 Bxf3 37. g4 hxg4+ 38. Kg3 e5 39. h5 Rg2+ 40. Kh4 f5 41. Qxd5+ Bxd5 0-1

[Event "Early-Titled-Tuesday-Blitz-October-03-2023"]
[Site "Chess.com"]
[Date "2023.10.03"]
[Round "3"]
[White "Kyrie-Eleven"]
[Black "kritipatel"]
[Result "0-1"]
[WhiteElo "2304"]
[BlackElo "2123"]
[TimeControl "180+1"]
[EndTime "8:29:04 PDT"]
[Termination "kritipatel won by resignation"]

1. d4 d5 2. c4 e6 3. Nc3 Nf6 4. cxd5 exd5 5. Bg5 Be7 6. Qc2 c6 7. e3 O-O 8. Bd3 Nbd7 9. Nf3 Re8 10. O-O Nf8 11.
Ne5 N6d7 12. Bxe7 Qxe7 13. f4 f6 14. Ng4 Nb6 15. Nf2 Qxe3 16. Rae1 Qxe1 17. Rxe1 Rxe1+ 18. Bf1 Nc4 19. Ncd1 Bd7 20. Nd3 Re4 21. Nc5 Re1 22. Nd3 Bf5 23. Kf2 Rae8 24. b3 Na3 25. Qc1 Rxf1+ 26.
Kxf1 Bxd3+ 27. Kf2 Re2+ 28. Kg3 Be4 29. Nf2 Nb5 30.
Nxe4 Rxe4 31. Qc5 Nxd4 32. Qxa7 Ne2+ 33. Kf3 Nxf4 34. Qxb7 N4e6 35. a4 Nd4+ 36. Kg3 Re3+ 37. Kf2 Rxb3 38. Qc7 Rb2+ 39. Kf1 Ra2 40. a5 Nb3 41.
Qxc6 Rxa5 42. Qb6 Nd2+ 43. Ke2 Nc4 44. Qd8 h6 45. g4 Kf7 46. Qc7+ Kg6 47. h4 Ne6 48. h5+ Kg5 49. Qf7 Kxg4 50. Qxe6+ Kxh5 51. Qf5+ Kh4 52. Qg6 Ra2+ 53. Kf1 Ra1+ 54. Kf2 Ra2+ 55. Ke1 Ra7 56. Qg1 Ra1+ 57. Kf2 Rxg1 58. Kxg1 Ne3 0-1

[Event "Early-Titled-Tuesday-Blitz-October-03-2023"]
[Site "Chess.com"]
[Date "2023.10.03"]
[Round "3"]
[White "NovoselovRoman"]
[Black "Roedor"]
[Result "1-0"]
[WhiteElo "2596"]
[BlackElo "2394"]
[TimeControl "180+1"]
[EndTime "8:29:05 PDT"]
[Termination "NovoselovRoman won by resignation"]

1. e4 e5 2. Nf3 Nc6 3. Bc4 Bc5 4. Nc3 Nf6 5. d3 h6 6. Nd5 d6 7. c3 Bb6 8. Ne3 Be6 9. Bb5 O-O 10. O-O Ne7 11. Ba4 c6 12. Nh4 Ng6 13. Nhf5 Nf4 14. g3 Nh3+ 15. Kg2 Ng5 16. h4 Ngh7 17. Bc2 Kh8 18.
g4 Ng8 19. Qf3 g6 20. Ng3 Qxh4 21. Rh1 Qe7 22. Nef5 gxf5 23. gxf5 Bd7 24. Bxh6 Nxh6 25. Rxh6 f6 26. Rxh7+ Qxh7 27. Rh1 Qxh1+ 28. Kxh1 Rf7 29. Kg2 Rh7 30. Bb3 Be8 31. Qg4 d5 32. exd5 cxd5 33. Bxd5 Bc6 34. Bxc6 bxc6 35. Kf3 Rg8 36. Qc4 Rh2 37.
Ne4 Rgg2 38. Qxc6 Rxf2+ 39. Nxf2 Rxf2+ 40. Kg3 Rxf5 41. Qc8+ 1-0

[Event "Early-Titled-Tuesday-Blitz-October-03-2023"]
[Site "Chess.com"]
[Date "2023.10.03"]
[Round "3"]
[White "Yushko_Olga"]
[Black "Gentlejimmy7"]
[Result "0-1"]
[WhiteElo "2085"]
[BlackElo "2511"]
[TimeControl "180+1"]
[EndTime "8:29:05 PDT"]
[Termination "Gentlejimmy7 won by resignation"]

1. d4 f5 2. g3 Nf6 3. Bg2 g6 4.
Nh3 Bg7 5. O-O O-O 6. Nd2 d5 7. e3 c6 8. f3 e6 9. Nf2 b6 10. c3 Nbd7 11. Qc2 Bb7 12. e4 c5 13. b3 Rc8 14. Qd3 cxd4 15. cxd4 dxe4 16. fxe4 e5 17. Bb2 Nc5 18. Qc4+ Kh8 19. dxe5 Nfxe4 20. Ndxe4 Nxe4 21. Qb5 Rc5 22. Qb4 Nxf2 23. Rxf2 Bxg2 24. Rxg2 Bxe5 25. Bxe5+ Rxe5 26. Qc3 Qf6 27. Rd1 Re7 28. Qb4 Rfe8 29. Rgd2 Qe5 30. Rd5 Qe3+ 31. Kg2 Qe2+ 32. Kg1 Qxa2 33. Qd4+ Kg8 34. Rd8 Qxb3 35. Qf6 Qe3+ 36.
Kg2 Qe4+ 37. Kg1 Qe5 38. Qc6 Qe3+ 39. Kf1 Qe4 40. Qb5 Qh1+ 41. Kf2 Qxh2+ 42. Kf1 Qe2+ 43. Qxe2 Rxe2 44. Rxe8+ Rxe8 45. Rd7 Ra8 0-1

[Event "Early-Titled-Tuesday-Blitz-October-03-2023"]
[Site "Chess.com"]
[Date "2023.10.03"]
[Round "3"]
[White "McCarthyStone"]
[Black "Doudou2015"]
[Result "1-0"]
[WhiteElo "2387"]
[BlackElo "2182"]
[TimeControl "180+1"]
[EndTime "8:29:08 PDT"]
[Termination "McCarthyStone won on time"]

1. b3 Nf6 2. Bb2 e6 3. Nf3 d5 4. e3 c5 5. d4 cxd4 6. exd4 Be7 7. Bd3 O-O 8. O-O b6 9. Qe2 Nc6 10. a3 Bd6 11. Ne5 Qc7 12. f4 Bb7 13. Nd2 Rac8 14.
Rf3 Ne7 15. Rh3 g6 16. Ndf3 Ne4 17. Ng5 Nxg5 18. fxg5 Nf5 19. Ng4 Kg7 20. Nf6 Rh8 21.
Bxf5 exf5 22. c4 Bf4 23. Rf1 Bxg5 24. Nh5+ gxh5 25. Qxh5 h6 26. Rxf5 Qe7 27. Rhf3 Rhf8 28. h4 Qe1+ 29. Rf1 Qxh4 30. Rxf7+ Rxf7 31. Rxf7+ Kh8 32. Qg6 Be3+ 33. Kf1 Qh1+ 34. Ke2 1-0

[Event "Early-Titled-Tuesday-Blitz-October-03-2023"]
[Site "Chess.com"]
[Date "2023.10.03"]
[Round "3"]
[White "the_chess_child"]
[Black "Mesa_1"]
[Result "1-0"]
[WhiteElo "2859"]
[BlackElo "2635"]
[TimeControl "180+1"]
[EndTime "8:29:09 PDT"]
[Termination "the_chess_child won by checkmate"]

1. e4 e5 2. Nf3 Nc6 3. d3 Nf6 4. g3 Bc5 5. Bg2 d6 6. O-O a5 7. a4 O-O 8. c3 d5 9. exd5 Nxd5 10. Nbd2 Re8 11. Nc4 Bf8 12. Re1 Bd6 13. Ng5 Nf6 14. Qb3 Re7 15. Ne3 h6 16. Ne4 Nxe4 17. dxe4 b6 18. Nd5 Re8 19. Be3 Ne7 20. Rad1 Nxd5 21. exd5 Bg4 22. Rd2 Qd7 23. Qc4 Bh3 24. Bxh3 Qxh3 25.
f3 f5 26. Bf2 Qh5 27. Kg2 Re7 28. Rde2 Rae8 29. Qc6 e4 30. fxe4 Rxe4 31. Rxe4 Rxe4 32. Rxe4 fxe4 33. Qd7 Qf3+ 34. Kg1 Bc5 35. Qe6+ Kh8 36.
Bxc5 bxc5 37. d6 e3 38. h4 e2 39. d7 Qf1+ 40. Kh2 Qf2+ 41. Kh3 Qf1+ 42. Kg4 e1=Q 43. d8=Q+ Kh7 44. Qeg8+ Kg6 45. h5# 1-0

[Event "Early-Titled-Tuesday-Blitz-October-03-2023"]
[Site "Chess.com"]
[Date "2023.10.03"]
[Round "3"]
[White "Daniel_Salinas"]
[Black "jk13"]
[Result "0-1"]
[WhiteElo "2425"]
[BlackElo "2620"]
[TimeControl "180+1"]
[EndTime "8:29:09 PDT"]
[Termination "jk13 won by checkmate"]

1. e4 e5 2. Nf3 Nc6 3. Nc3 Nf6 4.
Bb5 Bd6 5. a3 O-O 6. O-O Re8 7.
d3 h6 8. Ne2 Bf8 9. Ng3 d5 10.
exd5 Nxd5 11. h3 Bd7 12. Re1 Bd6 13. Bc4 Be6 14. Nh2 Qd7 15. c3 Rad8 16. Ng4 Nb6 17. Nh5 Qe7 18. Nhf6+ gxf6 19. Nxh6+ Kf8 20. Qh5 Qd7 21.
Bxe6 fxe6 22. Ng4 Qf7 23. Qh4 Nd7 24. Re3 Ke7 25. Rf3 Rg8 26. Nh6 Qg6 27. Nxg8+ Rxg8 28. Rg3 Qf7 29. Rxg8 Qxg8 30. Be3 Nc5 31. Rd1 Qg6 32. Qc4 Nd7 33. b4 a6 34. a4 Nd8 35. b5 axb5 36.
axb5 b6 37. Ra1 f5 38. d4 f4 39. Bd2 e4 40. d5 f3 41. g4 Ne5 42. Qf1 Nxg4 43.
Kh1 Ne5 44. Ra8 exd5 45. Bf4 Ne6 46. Bxe5 Bxe5 47. Qa1 Qg2# 0-1

[Event "Early-Titled-Tuesday-Blitz-October-03-2023"]
[Site "Chess.com"]
[Date "2023.10.03"]
[Round "3"]
[White "Mackster23"]
[Black "Taran2004"]
[Result "1-0"]
[WhiteElo "2624"]
[BlackElo "2429"]
[TimeControl "180+1"]
[EndTime "8:29:10 PDT"]
[Termination "Mackster23 won by resignation"]

1. e4 c6 2. d4 d5 3. Nd2 dxe4 4. Nxe4 Nf6 5. Nxf6+ exf6 6. c3 Bf5 7. Ne2 Bd6 8. Ng3 Bg6 9. Qe2+ Qe7 10. h4 Bxg3 11.
fxg3 Qxe2+ 12. Bxe2 h6 13. g4 O-O 14. g5 hxg5 15.
hxg5 fxg5 16. Bxg5 Re8 17. Kf2 Nd7 18. Rh3 f6 19.
Bf4 Nb6 20. Rah1 Nd5 21. Bd2 Bf5 22. Rh8+ Kf7 23. Bh5+ Bg6 24. Bxg6+ Kxg6 25. R8h3 Kf7 26. Rg3 Rh8 27. Rxh8 Rxh8 28. c4 Ne7 29. Rb3 b6 30. Ra3 Ra8 31. Ra6 Nf5 32. Bc3 Nd6 33. c5 bxc5 34. dxc5 Ne4+ 35. Kf3 Nxc5 36. Rxc6 Nd3 37. Rc7+ Kg6 38. Ke4 Nf2+ 39. Kd5 a5 40. a4 Nd3 41. Kc4 Nf4 42. g3 Ne2 43. g4 Nf4 44. Rc5 Rd8 45. Bxa5 Ne6 46. Bxd8 Nxd8 47. a5 Nb7 48. a6 Nxc5 49.
Kxc5 1-0

[Event "Early-Titled-Tuesday-Blitz-October-03-2023"]
[Site "Chess.com"]
[Date "2023.10.03"]
[Round "3"]
[White "Maxfan2008"]
[Black "vedantgoswami"]
[Result "0-1"]
[WhiteElo "2577"]
[BlackElo "2401"]
[TimeControl "180+1"]
[EndTime "8:29:10 PDT"]
[Termination "vedantgoswami won on time"]

1. d4 c6 2. c4 d5 3. Nc3 g6 4.
Nf3 Bg7 5. e3 Nf6 6. Be2 O-O 7.
O-O dxc4 8. Bxc4 b6 9. e4 Bb7 10. e5 Nd5 11. e6 f6 12. Re1 Na6 13. Nxd5 cxd5 14. Bb3 Nc7 15. Bf4 Rc8 16. h4 Nb5 17. Ba4 Nd6 18. Bd7 Ne4 19. Bxc8 Bxc8 20. Nd2 f5 21. Be5 Bxe5 22. dxe5 Bxe6 23. Nb3 Bf7 24. f3 Ng3 25. e6 Be8 26. Qd4 Bc6 27. Rac1 Qd6 28.
Qe5 Qxe5 29. Rxe5 Ba8 30. Nd4 Kg7 31. Rc7 Kf6 32. Re1 h6 33. Kf2 f4 34. Rxa7 Rc8 35. a4 Rc4 36. Rd1 Bc6 37. Nxc6 Rxc6 38. Rd2 Kxe6 39. Ra6 Kd6 40. b4 Rc1 0-1

[Event "Early-Titled-Tuesday-Blitz-October-03-2023"]
[Site "Chess.com"]
[Date "2023.10.03"]
[Round "3"]
[White "Ducke13"]
[Black "Kgutierrez95"]
[Result "1-0"]
[WhiteElo "2514"]
[BlackElo "2139"]
[TimeControl "180+1"]
[EndTime "8:29:11 PDT"]
[Termination "Ducke13 won on time"]

1. d4 d5 2. g3 Nf6 3. Nf3 e6 4. Bg2 Be7 5. O-O O-O 6. c4 Nbd7 7. Qc2 c6 8. Rd1 b6 9. Nbd2 Bb7 10. e4 dxe4 11.
Nxe4 Nxe4 12. Qxe4 Nf6 13. Qe2 Qc7 14. Bf4 Bd6 15.
Bxd6 Qxd6 16. Ne5 Rad8 17. Rac1 Ba8 18. c5 bxc5 19. dxc5 Qc7 20. b4 Nd5 21. a3 a5 22.
Nc4 axb4 23. Bxd5 exd5 24. Nb6 bxa3 25. Ra1 Bb7 26. Rxa3 Rfe8 27. Qc2 Qe7 28. Ra7 Rb8 29. Rb1 Qe5 30. Qb2 Qxb2 31. Rxb2 Re1+ 32. Kg2 Bc8 33. Rc7 Bf5 34. Rxc6 Rd8 35. f3 h6 36. Rd6 Rxd6 37. cxd6 Re8 38. Rd2 1-0

[Event "Early-Titled-Tuesday-Blitz-October-03-2023"]
[Site "Chess.com"]
[Date "2023.10.03"]
[Round "3"]
[White "pasteta13"]
[Black "MikeSailer"]
[Result "1-0"]
[WhiteElo "2428"]
[BlackElo "2151"]
[TimeControl "180+1"]
[EndTime "8:29:11 PDT"]
[Termination "pasteta13 won by checkmate"]

1. e4 d5 2. exd5 Qxd5 3. Nc3 Qd6 4. Nf3 c6 5. d4 Bg4 6. Bc4 Nf6 7. h3 Bh5 8. Be3 e6 9. g4 Bg6 10. Ne5 Nbd7 11. f4 Ne4 12. Qf3 Nxc3 13. bxc3 Bxc2 14. O-O f6 15. Rf2 Bg6 16. f5 exf5 17. gxf5 fxe5 18.
fxg6 O-O-O 19. gxh7 Rxh7 20. Qg4 Kb8 21. Bg5 Be7 22.
Rd1 Bxg5 23. Qxg5 Rdh8 24. Bf1 exd4 25. Rxd4 Qe5 26. Qg6 Nf6 27. Bg2 a6 28. Qf7 Ka8 29.
Rb2 Qe1+ 30. Kh2 Qe5+ 31. Kg1 Qe1+ 32. Bf1 Qg3+ 33. Rg2 Qe3+ 34. Rf2 Rxh3 35. Bxh3 Rxh3 36. Qf8+ Ka7 37. Qc5+ Ka8 38. Rd8# 1-0

[Event "Early-Titled-Tuesday-Blitz-October-03-2023"]
[Site "Chess.com"]
[Date "2023.10.03"]
[Round "3"]
[White "MajorCoast"]
[Black "LoaySameer"]
[Result "0-1"]
[WhiteElo "2265"]
[BlackElo "2600"]
[TimeControl "180+1"]
[EndTime "8:29:11 PDT"]
[Termination "LoaySameer won on time"]

1. c3 Nf6 2. d4 g6 3. Nf3 Bg7 4. Bg5 O-O 5. e3 d6 6. Nbd2 h6 7. Bh4 Nbd7 8. h3 e5 9. Be2 Qe7 10. O-O g5 11. Bg3 e4 12. Ne1 Re8 13. Nc2 Nf8 14.
a4 Ng6 15. c4 Nd7 16. b4 f5 17.
Ra3 Nf6 18. c5 f4 19. Bh2 Kh7 20. Bh5 d5 21. Bxg6+ Kxg6 22. exf4 g4 23. hxg4 Bxg4 24. Rg3 h5 25. Ne3 Kf7 26. Qb3 c6 27. Re1 Qd7 28.
f3 exf3 29. Nxf3 Bxf3 30. Rxf3 Ng4 31. Bg3 Bxd4 32. Bf2 Nxf2 33. Rxf2 Re4 34. Kh1 Rae8 35. Rfe2 h4 36. Nxd5 Rxe2 37. Nc7+ Kg7 38. Rxe2 Rxe2 39.
Qf3 Re1+ 40. Kh2 Bg1+ 41. Kh1 Bf2+ 42. Kh2 Bg3+ 43. Qxg3+ hxg3+ 44. Kxg3 Qxc7 0-1

[Event "Early-Titled-Tuesday-Blitz-October-03-2023"]
[Site "Chess.com"]
[Date "2023.10.03"]
[Round "3"]
[White "KononenkoD"]
[Black "ploxoi"]
[Result "0-1"]
[WhiteElo "2613"]
[BlackElo "2453"]
[TimeControl "180+1"]
[EndTime "8:29:12 PDT"]
[Termination "ploxoi won by resignation"]

1. e4 c5 2. Nf3 e6 3. d4 cxd4 4.
Nxd4 Nc6 5. Nc3 Qc7 6. Bc4 a6 7. Bb3 Nf6 8. O-O Be7 9. Be3 O-O 10. f4 d6 11. f5 Na5 12. fxe6 Nc4 13. exf7+ Kh8 14. Qd3 Nxb2 15. Qd2 Nc4 16. Bxc4 Qxc4 17. Rae1 Bd7 18. Nf5 Bxf5 19. exf5 d5 20. Kh1 Bb4 21. Bd4 Rac8 22. Rf3 Ne4 23. Rxe4 dxe4 24. Bxg7+ Kxg7 25. Qg5+ Kxf7 26. Qh5+ Ke7 27. Qh4+ Ke8 28. Nxe4 Qe2 29. Qh5+ Rf7 30. Nf6+ Kd8 31. h4 Qe1+ 32. Kh2 Bd6+ 33. g3 Rxf6 34. Qg5 Qe7 35. Rd3 Kd7 36. Qg4 Rxc2+ 37. Kh3 Rc6 38. Qb4 Kc7 39. Qa5+ Kc8 40. Qd5 Qe5 41. Qg8+ Kc7 42. Qg7+ Kb8 43. Rf3 Rxf5 44. Qg8+ Ka7 45. Qg4 Rxf3 46. Qxf3 Qxg3+ 47. Qxg3 Bxg3 0-1

[Event "Early-Titled-Tuesday-Blitz-October-03-2023"]
[Site "Chess.com"]
[Date "2023.10.03"]
[Round "3"]
[White "Defenstrator"]
[Black "crazy_but_lazy"]
[Result "1-0"]
[WhiteElo "2446"]
[BlackElo "2609"]
[TimeControl "180+1"]
[EndTime "8:29:12 PDT"]
[Termination "Defenstrator won by resignation"]

1. d4 Nf6 2. Bg5 g6 3. Nc3 d5 4. Qd2 h6 5. Bf4 Bg7 6. O-O-O c6 7. f3 b5 8. e4 b4 9. Na4 dxe4 10. Qxb4 Nd5 11. Qd2 Nxf4 12. Qxf4 exf3 13. Nxf3 O-O 14. Bc4 e6 15. Ne5 Qg5 16. Qxg5 hxg5 17. h4 gxh4 18. Rxh4 a5 19. Nc5 Na6 20. Nxc6 Nxc5 21.
dxc5 Re8 22. Rd8 Rxd8 23. Nxd8 Bd7 24. Nb7 Rb8 25. Nxa5 Bxb2+ 26. Kd2 Be5 27. Bb3 Bc7 28. Nc4 Bc6 29. Rd4 Bxg2 30. Rd7 Bf4+ 31. Ke2 g5 32. Nd6 Rf8 33. Nxf7 Bh3 34. Nh6+ Kh8 35. Nf7+ Kg8 36. Nd8 Bf5 37. Bxe6+ Bxe6 38. Nxe6 Re8 39. Rd8 Rxd8 40. Nxd8 Kf8 41. Ne6+ Ke7 42. Nxf4 gxf4 43.
Kf3 Kd7 44. Kxf4 Kc6 45. Ke4 Kxc5 46. Kd3 Kb4 47. Kd4 1-0

[Event "Early-Titled-Tuesday-Blitz-October-03-2023"]
[Site "Chess.com"]
[Date "2023.10.03"]
[Round "3"]
[White "whiteglovethief"]
[Black "ljm509"]
[Result "0-1"]
[WhiteElo "2519"]
[BlackElo "2329"]
[TimeControl "180+1"]
[EndTime "8:29:13 PDT"]
[Termination "ljm509 won by resignation"]

1. d4 Nf6 2. c4 e6 3. Nf3 d5 4. g3 c5 5. cxd5 Nxd5 6. Bg2 Nc6 7. O-O cxd4 8. Nxd4 Be7 9. Nc3 O-O 10. Nxd5 exd5 11. Bf4 Bf6 12. Nxc6 bxc6 13. Rc1 Bd7 14. b3 Qa5 15.
Qc2 Rfe8 16. e4 Rac8 17. Rfe1 h6 18. e5 Bd8 19. Bd2 Qa6 20. Bf1 Qb7 21. f4 Bb6+ 22.
Kh1 Bg4 23. Bg2 Qd7 24. Be3 d4 25. Bg1 c5 26. Rcd1 Be6 27. Qe4 Red8 28. Rf1 Bg4 29. f5 Bxd1 30. Rxd1 c4 31. Bf1 c3 32. Bc4 Qc6 33.
Qxc6 Rxc6 34. e6 fxe6 35. fxe6 Kf8 36. Rf1+ Ke8 37. Rc1 Ke7 38. Bd3 Rxe6 39. Kg2 Rf8 40. Bc4 Ref6 41. Re1+ Kd7 42. Rd1 Rd6 43. Bf2 Re8 44.
g4 Rde6 45. Bb5+ Kc7 46. Bxd4 c2 47. Bxb6+ Kxb6 48. Rc1 Kxb5 49. Rxc2 Re2+ 50. Kf3 Rxc2 0-1